 Dungeon Crawl Stone Soup version 0.30.0-5-g1a98f26d00 (webtiles) character file.

Game seed: 4516822795226732805

7843 PoweredByGinger the Severer (level 11, -6/104 HPs)
             Began as a Minotaur Gladiator on May 9, 2023.
             Was a High Priest of Okawaru.
             Mangled by Snorg (18 damage)
             ... on level 11 of the Dungeon.
             The game lasted 00:09:24 (8301 turns).

PoweredByGinger the Severer (Minotaur Gladiator)    Turns: 8301, Time: 00:09:24

Health: -6/104     AC: 14    Str: 24    XL:     11   Next: 2%
Magic:  10/10      EV: 10    Int:  8    God:    Okawaru [*****.]
Gold:   706        SH:  0    Dex: 17    Spells: 10/10 levels left

rFire   . . .        a - +0 war axe
rCold   . . .        (no shield)
rNeg    . . .        w - +1 chain mail of Elliguom {Int+3}
rPois   .            c - +0 hat
rElec   .            O - +1 cloak
rCorr   .            (no gloves)
SInv    .            H - +2 pair of boots
Will    .....        v - amulet of regeneration Stlth
                     s - +4 ring of slaying
HPRegen 1.17/turn    u - +6 ring of dexterity
MPRegen 0.12/turn

%: no passive effects
@: lethally poisoned (-6 -> -11), slowed, very slow
A: horns 2, retaliatory headbutt
a: Renounce Religion, Heroism, Finesse, Duel


You were on level 11 of the Dungeon.
You worshipped Okawaru.
Okawaru was extremely pleased with you.
You visited 2 branches of the dungeon, and saw 12 of its levels.

You collected 706 gold pieces.

Inventory:

Hand Weapons
 a - a +0 war axe (weapon)
 E - a +1 whip of freezing
Missiles
 d - 5 throwing nets (quivered)
 e - 6 javelins
 g - 49 poisoned darts
 K - a silver javelin
Armour
 c - a +0 hat (worn)
 w - the +1 chain mail of Elliguom (worn) {Int+3}
   (You found it on level 5 of the Dungeon)

   Int:       It affects your intelligence (+3).
 H - a +2 pair of boots (worn)
 O - a +1 cloak (worn)
Jewellery
 n - a ring of willpower
 s - a +4 ring of slaying (left hand)
 u - a +6 ring of dexterity (right hand)
 v - an amulet of regeneration (around neck)
 y - a +6 ring of dexterity
 A - a +6 ring of intelligence
 G - a ring of see invisible
 P - a ring of protection from cold
Wands
 x - a wand of flame (72)
 B - a wand of paralysis (8)
 C - a wand of roots (5)
 M - a wand of quicksilver (7)
Scrolls
 f - 19 scrolls of identify {unknown}
 h - a scroll of fear {unknown}
 i - 2 scrolls of silence {unknown}
 k - 3 scrolls of amnesia {unknown}
 l - 2 scrolls of immolation {unknown}
 m - 2 scrolls of teleportation {unknown}
 p - 5 scrolls of noise {unknown}
 r - a scroll of torment {unknown}
 D - 3 scrolls of enchant armour {unknown}
 F - a scroll of fog {unknown}
 I - 3 scrolls of vulnerability {unknown}
Potions
 b - a potion of cancellation {unknown}
 j - 6 potions of curing {unknown}
 o - a potion of brilliance {unknown}
 q - 3 potions of flight {unknown}
 t - 4 potions of haste {unknown}
 z - a potion of degeneration {unknown}
 J - 2 potions of magic {unknown}
 L - a potion of mutation {unknown}
 N - a potion of berserk rage {unknown}


   Skills:
 + Level 12.0 Fighting
 * Level 16.5 Axes
 - Level 2.0 Throwing
 - Level 3.2 Dodging


You had 10 spell levels left.
You didn't know any spells.
Your spell library contained the following spells:

 Spells                   Type           Power      Damage    Failure   Level
 Necrotise                Necr           0%         1d4       96%         1
 Vampiric Draining        Necr           0%         2d6       100%        3
 Agony                    Necr           0%         N/A       100%        5
 Orb of Destruction       Conj           0%         9d5       100%        7
 Summon Guardian Golem    Hex/Summ       Unusable   N/A       N/A         3
 Spellforged Servitor     Conj/Summ      Unusable   N/A       N/A         7

Dungeon Overview and Level Annotations

Branches:
Dungeon (11/15)            Temple (0/1) D:4            Lair (1/5) D:8
    Orc (0/2) D:11

Altars:
Elyvilon
Nemelex Xobeh
Okawaru
Sif Muna
Vehumet
Xom
The Shining One

Shops:
D:9 [[

Annotations:
D:4 Inkenn's ghost, amateur DsFi
D:9 2 transporters
D:10 exclusion: ice statue
D:11 1 runed translucent door, PoweredByGinger's ghost, journeyman MiBe; Snorg


Innate Abilities, Weirdness & Mutations

You have a pair of horns on your head.
You reflexively headbutt those who attack you in melee.


Message History

You add the spells Necrotise, Vampiric Draining and Agony to your library.
You see here a +0 chain mail.
You now have 706 gold pieces (gained 22).
Found a stone staircase leading down.
There is a stone staircase leading down here.
There is a stone staircase leading down here.
i - 2 scrolls labelled FAOQIU PINU (gained 1)
f - 19 scrolls labelled CUSHUT MA RIOSCH (gained 1)
A hornet comes into view.
A hornet is nearby!
A hornet is nearby!
A hornet is nearby!
Snorg the Insatiable comes into view.
Snorg shouts!
Snorg closely misses you. You furiously retaliate!
You headbutt Snorg! Snorg barely misses you. Snorg claws you!
You slash Snorg!
Snorg is moderately wounded.
You hit the hornet but do no damage. The hornet stings you.
You are poisoned.
You suddenly lose the ability to move!
Snorg goes berserk!
You feel very sick. The hornet stings you!
You are more poisoned.
You feel yourself slow down. Snorg bites you! Snorg claws you. Snorg claws you!
The hornet stings you but does no damage.
You can move again.
Unknown command.
Unknown command.
Snorg attacks as you move away! Snorg bites you. Snorg claws you.
Snorg claws you but does no damage.
You feel very sick.
A centaur warrior simulacrum comes into view.
Snorg barely misses you. You furiously retaliate!
You headbutt Snorg! Snorg barely misses you. Snorg claws you!
* * * LOW HITPOINT WARNING * * *
The hornet barely misses you. Snorg bites you!!
* * * LOW HITPOINT WARNING * * *
Snorg claws you!!
You die...

######...........#.#....
#.......######.###.#....
#.####.## #.# # #....
#..### #.# .....
##...####.# #.....
###.#....# ##....
###.Z.#### #....
##.....# #....
#######y@##.##
#......T###.#
#........##.#
#......#..... #######
###.# #.# ##


You could see Snorg (berserk), a hornet and a centaur warrior simulacrum
(wandering).

Vanquished Creatures
  A centaur warrior (D:8)
  Maurice (D:11)
  A gargoyle (D:10)
  A wyvern (D:6)
  A shadow (D:11)
  A wraith (D:9)
  8 yaks (D:11)
  2 steam dragons
  2 wargs
  An acid dragon (D:11)
  A water moccasin (D:8)
  5 orc warriors
  3 ice beasts
  3 black bears
  3 ogres
  2 centaurs
  6 phantoms
  6 kobold brigands
  5 bullfrogs
  3 gnoll sergeants
  9 wights
  A killer bee (D:8)
  A howler monkey (D:5)
  3 hounds
  8 orc priests
  A jelly (D:5)
  A centaur skeleton (D:4)
  An iguana (D:5)
  9 orc wizards
  13 gnolls
  13 adders
  A shadow imp (D:6)
  3 white imps
  An ufetubus (D:6)
  2 worms
  2 dart slugs
  32 orcs
  4 bats (D:1)
  4 endoplasms
  3 giant cockroaches
  7 goblins
  9 hobgoblins
  4 quokkas
  10 ball pythons
  7 frilled lizards
  25 kobolds
  7 rats
237 creatures vanquished.

Notes
Turn   | Place    | Note
-------+----------+-------------------------------------------
     0 | D:1      | PoweredByGinger the Minotaur Gladiator began the quest for
                  | the Orb.
     0 | D:1      | Reached XP level 1. HP: 18/18 MP: 0/0
    51 | D:1      | Reached skill level 4 in Axes
   111 | D:1      | Reached XP level 2. HP: 25/25 MP: 1/1
   444 | D:1      | Found a faded altar of an unknown god.
   552 | D:1      | Reached skill level 5 in Axes
   595 | D:1      | Reached XP level 3. HP: 30/30 MP: 2/2
  1668 | D:3      | Found an iron altar of Okawaru.
  1673 | D:3      | Reached XP level 4. HP: 37/37 MP: 3/3
  1676 | D:3      | Reached skill level 6 in Axes
  1677 | D:3      | Became a worshipper of Warmaster Okawaru
  2419 | D:4      | Found a staircase to the Ecumenical Temple.
  2477 | D:4      | Noticed an ogre
  2480 | D:4      | Killed an ogre
  2481 | D:4      | Reached skill level 7 in Axes
  2481 | D:4      | Reached XP level 5. HP: 42/42 MP: 4/4
  2506 | D:4      | Found a transporter.
  2506 | D:4      | Noticed Inkenn's ghost (amateur DsFi)
  2615 | D:4      | Found a glowing golden altar of the Shining One.
  2670 | D:4      | Reached skill level 8 in Axes
  2761 | D:4      | Found a transporter.
  2933 | D:4      | Reached XP level 6. HP: 49/50 MP: 5/5
  3123 | D:5      | Entered Level 5 of the Dungeon
  3196 | D:5      | Identified the +1 chain mail of Elliguom {Int+3}
  3281 | D:5      | Reached * piety under Okawaru
  3282 | D:5      | Reached skill level 9 in Axes
  3298 | D:5      | Found a radiant altar of Vehumet.
  3392 | D:5      | Reached XP level 7. HP: 56/56 MP: 6/6
  3410 | D:5      | Reached skill level 10 in Axes
  3461 | D:5      | Identified the +0 long sword "Oseit" {pain, Str+4}
  3530 | D:5      | Found a shimmering altar of Xom.
  3540 | D:5      | Reached skill level 11 in Axes
  3976 | D:6      | Reached XP level 8. HP: 62/62 MP: 7/7
  3976 | D:6      | Reached ** piety under Okawaru
  4200 | D:6      | Reached skill level 12 in Axes
  4255 | D:6      | Reached skill level 5 in Fighting
  4543 | D:6      | Reached *** piety under Okawaru
  4584 | D:6      | Reached XP level 9. HP: 61/78 MP: 8/8
  4610 | D:7      | Reached skill level 13 in Axes
  5103 | D:8      | Found a staircase to the Lair.
  5300 | D:8      | Reached skill level 14 in Axes
  5345 | D:8      | Reached **** piety under Okawaru
  5552 | D:8      | Found a sparkling altar of Nemelex Xobeh.
  5909 | Lair:1   | Entered Level 1 of the Lair of Beasts
  6072 | D:9      | Received a gift from Okawaru
  6200 | D:9      | Noticed a centaur warrior
  6277 | D:8      | Killed a centaur warrior
  6278 | D:8      | Reached skill level 10 in Fighting
  6278 | D:8      | Reached XP level 10. HP: 69/93 MP: 9/9
  6408 | D:9      | Reached skill level 15 in Axes
  6449 | D:9      | Reached ***** piety under Okawaru
  6626 | D:9      | You fall into a shaft and drop 1 floor!
  6626 | D:10     | Entered Level 10 of the Dungeon
  6633 | D:10     | Noticed an ice statue
  6785 | D:9      | Found a transporter.
  6785 | D:9      | Found Haakipot's Armour Emporium.
  6810 | D:9      | Found a transporter.
  6850 | D:9      | Found Sasiblee's Antique Armour Emporium.
  7364 | D:10     | Found a shimmering blue altar of Sif Muna.
  7382 | D:10     | Found a white marble altar of Elyvilon.
  7503 | D:10     | Noticed a gargoyle
  7513 | D:10     | Killed a gargoyle
  7944 | D:11     | Found a staircase to the Orcish Mines.
  8042 | D:11     | Found a runed translucent door.
  8042 | D:11     | Found a shimmering altar of Xom.
  8042 | D:11     | Noticed PoweredByGinger's ghost (journeyman MiBe)
  8042 | D:11     | Noticed a +2 long sword of chaos
  8085 | D:11     | Noticed Maurice
  8098 | D:11     | Killed Maurice
  8099 | D:11     | Reached skill level 16 in Axes
  8109 | D:11     | Identified the +0 ring mail of Integrity {+Inv Fly Int-5}
                  | (Okawaru gifted it to you on level 11 of the Dungeon)
  8109 | D:11     | Received a gift from Okawaru
  8153 | D:11     | Reached XP level 11. HP: 86/104 MP: 10/10
  8297 | D:11     | Noticed Snorg
  8299 | D:11     | Paralysed by a hornet for 1 turns
  8301 | D:11     | Mangled by Snorg

Illustrated notes

Levels and vault maps discovered:
D:1:      scummos_arrival_forest, layout_loops_corners,
          ebering_ecumenical_altar_box, palyth_stone_intersect
D:2:      layout_rooms, serial_curves, eino_curves_02, eino_curves_02,
          grunt_decor_one_mirror
D:3:      layout_basic, okawaru_trees_1, st_stairs_8, serial_bayou_pond_a,
          grunt_ministairs_11
D:4:      layout_loops_cross, mainiacjoe_overflow_six_doors_small,
          temple_fountains, gammafunk_ghost_mausoleum, lexackson_kobold_supper
D:5:      layout_basic, vehumet_altar_wand_db, mainiacjoe_overflow_boulevard,
          kennysheep_generic_room_8
D:6:      layout_rooms, nicolae_half_adder
D:7:      layout_gridville
D:8:      layout_loops_ring, mainiacjoe_overflow_24_doors,
          erik_lair_orcish_takeover
D:9:      layout_long_grid, serial_shops, kennysheep_mini_moat,
          nicolae_shop_drivethru, roderic_roman_lattice, minmay_bent
D:10:     layout_irregular_city, mainiacjoe_overflow_catwalk_spiral,
          minmay_statue_bubble
D:11:     layout_rooms, david_orc_2, ebering_ghost_xom, uniq_maurice, uniq_snorg
Lair:1:   layout_regular_city, nzn_random_ring, serial_bayou_shore_b,
          grunt_megastairs_3, infiniplex_staircase_pool_2, uniq_amaemon,
          uniq_nergalle

Skill      XL: |  1  2  3  4  5  6  7  8  9 10 |
---------------+-------------------------------+-----
Axes           | 4 5 7 8 9 11 12 14 16 | 16.5
Fighting       | 6 10 12 | 12.0
Throwing       | |  2.0
Dodging        | |  3.2

Action                     |  1- 3 |  4- 6 |  7- 9 | 10-12 || total
---------------------------+-------+-------+-------+-------++-------
  Melee: War axe           |    64 |    93 |   189 |   127 ||   473
         Headbutt          |     7 |    16 |    40 |    30 ||    93
         Punch             |       |     1 |     4 |     3 ||     8
  Throw: Throwing net      |       |     1 |       |       ||     1
 Invoke: Heroism           |       |       |     1 |     2 ||     3
         Finesse           |       |       |       |     1 ||     1
  Evoke: Wand              |       |       |       |     1 ||     1
   Stab: Paralysed         |       |       |       |     2 ||     2
 Armour: Leather armour    |    11 |    25 |       |       ||    36
         Chain mail        |       |    16 |    83 |    60 ||   159
  Dodge: Dodged            |    43 |    52 |    89 |    78 ||   262
